 Dungeon Crawl Stone Soup version 0.23-a0-393-g6e9e0f2070 (webtiles) character file.

35 Napalmbreeze the Insei (level 3, 0/26 HPs)
             Began as a Merfolk Transmuter on Oct 31, 2018.
             Succumbed to an adder's poison
             ... on level 1 of the Dungeon.
             The game lasted 00:03:32 (1356 turns).

Napalmbreeze the Insei (Merfolk Transmuter)         Turns: 1356, Time: 00:03:33

Health: 0/26       AC:  2    Str: 10    XL:     3   Next: 33%
Magic:  5/6        EV: 13    Int: 13    God:
Gold:   53         SH:  0    Dex: 14    Spells: 0/6 levels left

rFire    . . .     SeeInvis .   c - +0 spear
rCold    . . .     Gourm    .   (no shield)
rNeg     . . .     Faith    .   b - +0 robe
rPois    .         Spirit   .   (no helmet)
rElec    .         Reflect  .   (no cloak)
rCorr    .         Harm     .   (no gloves)
MR       .....                  (no boots)
Stlth    +.........             (no amulet)
HPRegen  0.08/turn              (no ring)
MPRegen  0.10/turn              (no ring)

@: lethally poisoned (0 -> -1)
A: change form in water, swift swim, stealthy swim
a: no special abilities


You were on level 1 of the Dungeon.
You were hungry.

You visited 1 branch of the dungeon, and saw 2 of its levels.

You collected 53 gold pieces.

Inventory:

Hand Weapons
 c - a +0 spear (weapon)
Missiles
 a - 9 arrows
Armour
 b - a +0 robe (worn)
 g - a +0 shield
Scrolls
 e - a scroll of identify
 f - a scroll of blinking
Comestibles
 d - 3 rations
 j - a chunk of flesh


   Skills:
 + Level 1.6 Fighting
 + Level 3.1 Dodging
 * Level 3.9 Unarmed Combat
 + Level 2.2 Spellcasting
 + Level 3.1 Transmutations


You couldn't memorise any spells.
You knew the following spells:

 Your Spells              Type           Power        Failure   Level  Hunger
a - Beastly Appendage     Tmut           #.....       7%          1    ##.....
q - Spider Form           Tmut/Pois      #.........   36%         3    ####...
s - Sticks to Snakes      Tmut           #.......     11%         2    ###....

Your spell library contained the following spells:

 Spells                   Type           Power        Failure   Level  Hunger
 Ice Form                 Ice/Tmut       #.......     78%         4    #####..
 Blade Hands              Tmut           #.........   89%         5    ######.


Dungeon Overview and Level Annotations

Branches:
Dungeon (2/15)

Altars:


Message History

As you read the scroll labeled BAYJAIS JIDI, it crumbles to dust.
It is a scroll of identify.
f - a scroll of blinking
* * * LOW HITPOINT WARNING * * *
You feel sick.
As you read the scroll labeled VERIMU FONWU, it crumbles to dust.
You assume a fearsome visage.
Nothing appears to happen.
It was a scroll of fear.
There is a lethal amount of poison in your body!
There is a lethal amount of poison in your body!
Unknown command.
* * * LOW HITPOINT WARNING * * *
You feel sick.
* * * LOW HITPOINT WARNING * * *
You feel sick.
* * * LOW HITPOINT WARNING * * *
You feel sick.
* * * LOW HITPOINT WARNING * * *
You feel sick.
You die...

##.##..#..#.....#####.########...
...##.....#.....# #.# #...
########..#.....# #.# #...
#.........#####.##### #...
########.####.#.....#.....####...
..............#####>#.###.....###
##########..........#.#.........#
................S.###.###.....###
#####...#...#...@...#.##8.....8##
...##...#...#...#...#)###.....##.
##.##...#...#.#.#...#.###.....##.
##.##...#...#.#.#...#.##8.....8#.
##......'...###.#.###.###.....##.
####....##....#.#......##.....##.
####....##.##.#.########8.....8#.
............#.#.# ##.....##.
####.....#..#'#+#### ##.....##.


You could see a friendly ball python.

Vanquished Creatures
  3 dart slugs (D:1)
  A leopard gecko (D:1)
  2 bats (D:1)
  3 giant cockroaches
  3 goblins (D:1)
  2 hobgoblins (D:1)
  2 kobolds (D:1)
  3 rats (D:1)
19 creatures vanquished.

Vanquished Creatures (collateral kills)
  An adder (D:1)
  2 hobgoblins (D:1)
3 creatures vanquished.

Grand Total: 22 creatures vanquished

Notes
Turn   | Place    | Note
-------+----------+-------------------------------------------
     0 | D:1      | Napalmbreeze the Merfolk Transmuter began the quest for the
                  | Orb.
     0 | D:1      | Reached XP level 1. HP: 15/15 MP: 3/3
   480 | D:1      | Reached XP level 2. HP: 18/21 MP: 5/5
   488 | D:1      | Learned a level 2 spell: Sticks to Snakes
  1017 | D:1      | Reached XP level 3. HP: 15/26 MP: 6/6
  1166 | D:1      | Learned a level 3 spell: Spider Form
  1348 | D:1      | HP: 1/26 [poisoned by an adder]
  1356 | D:1      | Succumbed to an adder's poison

Vault maps used:
D:1:      psy_arrival_heroes
D:2:      lemuel_round_altar

Skill      XL: |  1  2 |
---------------+-------+-----
Dodging        | 3 |  3.1
Transmutations | 3 |  3.1
Fighting       | |  1.6
Unarmed Combat | |  3.9
Spellcasting   | |  2.2

Action                   || total
-------------------------++-------
Melee: Spear             ||    83
       Unarmed           ||     3
       Punch             ||     3
 Cast: Sticks to Snakes  ||     3
  Use: Scroll            ||     2
       Potion            ||     1
 Stab: Sleeping          ||     1
  Eat: Chunk             ||     1
Armor: Robe              ||    18
Dodge: Dodged            ||    64

Table legend:
 A = Non-vault XP
 B = Vault XP
 C = Vault XP percentage of total XP
 D = Non-vault monster count
 E = Vault monster count
 F = Vault count percentage of total count
                 A         B        C        D         E       F
            +---------+---------+-------+---------+---------+-------
      Total |      50 |       0 |   0.0 |      22 |       0 |   0.0
            +---------+---------+-------+---------+---------+-------
        D:1 |      48 |       0 |   0.0 |      21 |       0 |   0.0
        D:2 |       2 |       0 |   0.0 |       1 |       0 |   0.0
            +---------+---------+-------+---------+---------+-------
